 Dungeon Crawl Stone Soup version 0.28.0-43-g3370ac3207 (webtiles) character file.

Game seed: 7517975386622508862

9207 pkoi the Black Belt (level 11, -8/91 HPs)
             Began as a Purple Draconian Monk on Mar 1, 2022.
             Was a High Priest of Okawaru.
             Mangled by a seven-headed hydra (11 damage)
             ... on level 1 of the Lair of Beasts.
             The game lasted 00:20:10 (14381 turns).

pkoi the Black Belt (Purple Draconian Monk)        Turns: 14381, Time: 00:20:11

Health: -8/91      AC:  7    Str: 13    XL:     11   Next: 20%
Magic:  12/15      EV: 17    Int: 14    God:    Okawaru [*****.]
Gold:   627        SH:  0    Dex: 15    Spells: 7/16 levels left

rFire   . . .      SeeInvis .     - Unarmed
rCold   . . .      Faith    .   (no shield)
rNeg    . . .      Spirit   .   (armour unavailable)
rPois   .          Reflect  .   (helmet currently unavailable)
rElec   .          Harm     .   (no cloak)
rCorr   .          Rampage  .   (no gloves)
Will    ++...                   (boots currently unavailable)
Stlth   ++++......              (no amulet)
HPRegen 0.25/turn               f - ring of willpower
MPRegen 0.14/turn               m - ring of wizardry

@: appendages, heroic
A: horns 2, talons 2, breathe power, AC +7, unfitting armour, cold-blooded
a: Breathe Dispelling Energy, End Transformation, Renounce Religion, Heroism,
Finesse, Duel


You were on level 1 of the Lair of Beasts.
You worshipped Okawaru.
Okawaru was extremely pleased with you.
You had temporarily grown beastly horns and talons.
You visited 3 branches of the dungeon, and saw 10 of its levels.
You also visited: Sewer.

You collected 627 gold pieces.

Inventory:

Hand Weapons
 b - a +0 mace
 n - a +1 shortbow
 r - a +0 arbalest
 y - a +1 whip of draining
Missiles
 a - 3 curare-tipped darts
 d - 8 javelins
 o - 25 arrows
Jewellery
 f - a ring of willpower (left hand)
 m - a ring of wizardry (right hand)
 q - an amulet of faith
 t - a ring of wizardry
Wands
 g - a wand of acid (1)
 A - a wand of mindburst (7)
Scrolls
 c - 2 scrolls of fog
 i - 5 scrolls of teleportation
 j - 3 scrolls of magic mapping
 k - a scroll of amnesia
 v - 2 scrolls of blinking
 w - 5 scrolls of identify
Potions
 e - 3 potions of haste
 h - 2 potions of flight
 l - a potion of brilliance
 p - a potion of might
 s - a potion of magic
 u - 2 potions of ambrosia
 x - a potion of lignification
 z - a potion of curing
Miscellaneous
 B - a lightning rod (4/4)


   Skills:
 + Level 6.9(11.9) Fighting
 + Level 5.6(10.6) Dodging
 - Level 3.6(8.6) Stealth
 * Level 15.1(20.1) Unarmed Combat
 - Level 3.0 Spellcasting
 + Level 3.2 Transmutations
 + Level 1.5 Air Magic
 + Level 4.6 Invocations


You had 7 spell levels left.
You knew the following spells:

 Your Spells              Type           Power      Damage    Failure   Level
a - Beastly Appendage     Tmut           22%        N/A       2%          1
b - Swiftness             Air            6%         N/A       14%         3
c - Blade Hands           Tmut           5%         N/A       52%         5

Your spell library contained the following spells:

 Spells                   Type           Power      Damage    Failure   Level
 Wereblood                Tmut           11%        N/A       3%          2
 Passwall                 Tmut/Erth      5%         N/A       7%          2
 Ensorcelled Hibernation  Hex/Ice        4%         N/A       13%         2
 Spider Form              Tmut/Pois      6%         N/A       13%         3
 Ignite Poison            Fire/Tmut/Pois 5%         N/A       16%         3
 Mephitic Cloud           Conj/Pois/Air  3%         N/A       21%         3
 Irradiate                Conj/Tmut      3%         3d15      73%         5
 Freezing Cloud           Conj/Ice/Air   1%         6-21      86%         5
 Fireball                 Conj/Fire      1%         3d3       90%         5
 Iskenderun's Battlesphe  Conj           2%         2d6       90%         5
 Conjure Ball Lightning   Conj/Air       2%         3x3d6     100%        6
 Dragon Form              Tmut           5%         N/A       100%        7
 Orb of Destruction       Conj           1%         9d5       100%        7


Dungeon Overview and Level Annotations

Branches:
Dungeon (8/15)             Temple (1/1) D:6            Lair (1/6) D:8
  Sewer (visited)

Altars:
Ashenzari
Cheibriados
Dithmenos
Elyvilon
Fedhas
Gozag
Hepliaklqana
Kikubaaqudgha
Nemelex Xobeh
Okawaru
Qazlal
Ru
Sif Muna
Trog
Uskayaw
Vehumet
Wu Jian
Xom
Yredelemnul
Zin
The Shining One

Annotations:
D:8 Maggie


Innate Abilities, Weirdness & Mutations

You have temporarily grown beastly horns and talons.
You can breathe bolts of dispelling energy.
Your rich purple scales are hard. (AC +7)
You cannot fit into any form of body armour.
You are cold-blooded and may be slowed by cold attacks.


Message History

The seven-headed hydra bites you!
* * * LOW HITPOINT WARNING * * *
The seven-headed hydra completely misses you.
The seven-headed hydra bites you.
* * * LOW HITPOINT WARNING * * *
The seven-headed hydra bites you.
* * * LOW HITPOINT WARNING * * *
The seven-headed hydra bites you.
* * * LOW HITPOINT WARNING * * *
The seven-headed hydra misses you.
The seven-headed hydra closely misses you.
You barely miss the seven-headed hydra. You claw the seven-headed hydra.
You headbutt the seven-headed hydra!
Your punch misses the seven-headed hydra.
The seven-headed hydra is heavily wounded.
The seven-headed hydra bites you!
* * * LOW HITPOINT WARNING * * *
The seven-headed hydra bites you.
* * * LOW HITPOINT WARNING * * *
The seven-headed hydra bites you!
* * * LOW HITPOINT WARNING * * *
The seven-headed hydra closely misses you.
The seven-headed hydra barely misses you.
The seven-headed hydra bites you!
* * * LOW HITPOINT WARNING * * *
The seven-headed hydra closely misses you.
Aiming: Corrosive Bolt
Press: ? - help, Shift-Dir - straight line, f - seven-headed hydra
Aim: a seven-headed hydra (moderately wounded, 90% to hit)
The bolt of acid hits the seven-headed hydra!
The acid corrodes the seven-headed hydra!
The seven-headed hydra is severely wounded.
The seven-headed hydra barely misses you.
The seven-headed hydra misses you.
The seven-headed hydra closely misses you.
The seven-headed hydra bites you!
* * * LOW HITPOINT WARNING * * *
The seven-headed hydra closely misses you.
The seven-headed hydra bites you!
You die...

# ##.# #............# #
#.# #............# ##
#.# #.^..........# P#
#.# #.>.....)....# ##
#.# #............## .#
##.# #....##...#...# ##
#..### #....#######.## #
##.#.###.D..# #P.## #
#.......@..# #...#
#########..........#
##.P#
.............##....#
#.##
............###....# #.#
##########..#
#....#######.# #..#
#............# # #..#
#............# # #..#
#............###### ###
#..###...#######........


You could see a seven-headed hydra (corroded).

Vanquished Creatures
  A cane toad (Lair:1)
  2 hellwings (D:7)
  A redback zombie (D:7)
  A troll (D:6)
  A hornet (D:8)
  Prince Ribbit (D:7)
  A blink frog (Lair:1)
  2 yaks
  Grum (D:8)
  3 basilisks
  Menkaure (D:4)
  An acid dragon (D:6)
  6 water moccasins
  3 orc warriors
  A sky beast (D:5)
  3 black bears
  An ogre (D:7)
  A necrophage (D:5)
  4 wolves
  A centaur (D:5)
  3 phantoms
  2 kobold brigands (D:7)
  Blork the orc (D:5)
  7 bullfrogs
  A gnoll sergeant (D:8)
  A scorpion (D:6)
  6 killer bees (D:7)
  3 wights
  2 bullfrog zombies
  8 centaur zombies
  2 gnoll shamans
  3 orc priests
  A centaur skeleton (D:7)
  5 jellies
  2 iguanas (D:6)
  4 orc wizards
  8 gnolls
  5 adders
  3 river rats (Sewer)
  8 shadow imps
  2 white imps
  An adder skeleton (D:4)
  4 worms
  23 orcs
  17 endoplasms
  8 giant cockroaches
  13 goblins
  4 hobgoblins
  5 quokkas
  12 ball pythons
  2 bats
  5 frilled lizards
  20 kobolds
  10 rats
237 creatures vanquished.

Vanquished Creatures (others)
  7 fungi
  2 plants (Lair:1)
  3 withered plants (D:7)
12 creatures vanquished.

Grand Total: 249 creatures vanquished

Notes
Turn   | Place    | Note
-------+----------+-------------------------------------------
     0 | D:1      | pkoi the Draconian Monk began the quest for the Orb.
     0 | D:1      | Reached XP level 1. HP: 19/19 MP: 1/1
   194 | D:1      | Reached XP level 2. HP: 17/26 MP: 2/2
   718 | D:2      | Reached skill level 4 in Unarmed Combat
   745 | D:2      | Reached XP level 3. HP: 17/31 MP: 3/3
  1610 | D:3      | Found a faded altar of an unknown god.
  1740 | D:3      | Reached XP level 4. HP: 38/38 MP: 4/4
  1758 | D:3      | Reached skill level 5 in Unarmed Combat
  1765 | D:3      | Found a glowing drain.
  1769 | Sewer    | Entered a sewer
  2631 | Sewer    | Reached XP level 5. HP: 31/45 MP: 5/5
  2854 | Sewer    | Found a viscous altar of Jiyva.
  2866 | Sewer    | Reached skill level 6 in Unarmed Combat
  3407 | Sewer    | Reached skill level 13 in Unarmed Combat
  3407 | Sewer    | Reached XP level 6. HP: 51/51 MP: 6/6
  4244 | D:4      | Found a hazy altar of Hepliaklqana.
  4342 | D:4      | Noticed Menkaure
  4348 | D:4      | Killed Menkaure
  4349 | D:4      | Your scales start taking on a rich purple colour.
  4349 | D:4      | Reached XP level 7. HP: 46/57 MP: 7/7
  4941 | D:5      | Entered Level 5 of the Dungeon
  5091 | D:5      | Reached XP level 8. HP: 42/66 MP: 8/8
  5589 | D:5      | Noticed Blork the orc
  5601 | D:5      | Killed Blork the orc
  5785 | D:5      | Found a glowing golden altar of the Shining One.
  6113 | D:6      | Noticed a troll
  7509 | D:6      | Found a hide-covered altar of Uskayaw.
  7540 | D:6      | Found a staircase to the Ecumenical Temple.
  7574 | Temple   | Entered the Ecumenical Temple
  7718 | Temple   | Became a worshipper of Warmaster Okawaru
  7718 | Temple   | Reached * piety under Okawaru
  7718 | Temple   | Reached ** piety under Okawaru
  7853 | D:6      | Killed a troll
  7854 | D:6      | Reached skill level 14 in Unarmed Combat
  7854 | D:6      | Reached skill level 1 in Invocations
  7854 | D:6      | Reached XP level 9. HP: 73/73 MP: 6/9
  8229 | D:6      | Learned a level 1 spell: Beastly Appendage
  8270 | D:7      | Noticed Prince Ribbit
  8285 | D:7      | Killed Prince Ribbit
  8286 | D:7      | Reached skill level 5 in Fighting
  8903 | D:7      | Found a stormy altar of Qazlal.
  8953 | D:7      | Reached skill level 1 in Spellcasting
  9177 | D:7      | Reached skill level 1 in Transmutations
  9293 | D:7      | Noticed a hellwing
  9319 | D:7      | Killed a hellwing
  9320 | D:7      | HP: 3/74 [centaur warrior zombie (5)]
  9325 | D:7      | Reached *** piety under Okawaru
  9685 | D:7      | Reached XP level 10. HP: 29/82 MP: 11/13
 10233 | D:7      | Reached **** piety under Okawaru
 10272 | D:7      | Reached skill level 5 in Dodging
 11526 | D:8      | Noticed Grum
 11909 | D:8      | Killed Grum
 11946 | D:7      | Reached ***** piety under Okawaru
 12673 | D:8      | Noticed Maggie
 12912 | D:8      | Learned a level 3 spell: Swiftness
 13024 | D:8      | Found a staircase to the Lair.
 13070 | Lair:1   | Entered Level 1 of the Lair of Beasts
 13085 | Lair:1   | Reached skill level 15 in Unarmed Combat
 13085 | Lair:1   | Reached XP level 11. HP: 79/90 MP: 13/15
 13198 | Lair:1   | Identified the -5 pair of boots of the Loofah {Will+}
                  | (Okawaru gifted it to you on level 1 of the Lair of Beasts)
 13198 | Lair:1   | Received a gift from Okawaru
 13855 | Lair:1   | Learned a level 5 spell: Blade Hands
 13898 | Lair:1   | Reached skill level 1 in Air Magic
 14372 | Lair:1   | Noticed a seven-headed hydra
 14381 | Lair:1   | HP: 3/91 [seven-headed hydra (10)]
 14381 | Lair:1   | Mangled by a seven-headed hydra

Illustrated notes

Levels and vault maps discovered:
D:1:      tarquinn_simple_flora_water_b, layout_rooms
D:2:      layout_rooms, minmay_indecisive_spiral
D:3:      layout_basic, dreamdust_ecumenical_altar_hidden_monk_grotto,
          gup_sewer_entry_bowl
D:4:      layout_basic, mainiacjoe_overflow_tiny_flanked,
          kennysheep_generic_room_8, uniq_menkaure
D:5:      layout_loops_ring, mainiacjoe_overflow_six_doors_small,
          uniq_blork_the_orc
D:6:      layout_cave_pools, lemuel_crystal_altar, minmay_temple_entry_trees,
          grunt_decor_resistance, nrook_loot_triangle,
          small_statue_intersection, serial_bayou_pond_d
D:7:      cheibrodos_grave_circle, layout_basic, kennysheep_mini_moat,
          lightli_minifort, uniq_prince_ribbit1
D:8:      layout_cave_pools, david_lair_generic, kennysheep_dice, uniq_grum,
          uniq_maggie
Temple:   minmay_crystal_spiral_temple
Lair:1:   layout_small_grid, nzn_random_ring

Skill      XL: |  1  2  3  4  5  6  7  8  9 10 11 |
---------------+----------------------------------+-----
Unarmed Combat | 4 5 13 14 15 | 15.1
Stealth        | 2 3 |  3.6
Dodging        | 3 4 5 |  5.6
Fighting       | 4 5 6 |  6.9
Invocations    | 1 2 4 |  4.6
Spellcasting   | 2 3 |  3.0
Transmutations | 2 3 |  3.2
Air Magic      | 1 |  1.5

Action                   |  1- 3 |  4- 6 |  7- 9 | 10-12 || total
-------------------------+-------+-------+-------+-------++-------
Melee: Unarmed           |   145 |   138 |   287 |   244 ||   814
       Tailslap          |    18 |    15 |    40 |    35 ||   108
       Punch             |     6 |     3 |    18 |    23 ||    50
       Kick              |       |       |    26 |    62 ||    88
       Headbutt          |       |       |    13 |    29 ||    42
Throw: Dart              |       |       |     2 |       ||     2
 Cast: Beastly Appendage |       |       |    12 |    20 ||    32
Invok: Heroism           |       |       |     6 |     8 ||    14
 Abil: Breathe Dispellin |       |       |     2 |       ||     2
Evoke: Wand              |       |       |       |     1 ||     1
  Use: Scroll            |     6 |     4 |    11 |       ||    21
       Potion            |       |     3 |     1 |       ||     4
 Stab: Sleeping          |     2 |     5 |     3 |     3 ||    13
Armor: Skin              |    35 |    40 |    77 |    62 ||   214
Dodge: Dodged            |    81 |    63 |   191 |   151 ||   486
